 Dungeon Crawl Stone Soup version 0.19-a0-1803-g97ff39f (webtiles) character file.

468 Naow the Cleaver (level 6, -1/52 HPs)
             Began as a Minotaur Berserker on Oct 5, 2016.
             Was a Priest of Trog.
             Slain by an ogre
             ... wielding a +0 giant club
              (9 damage)
             ... on level 4 of the Dungeon.
             The game lasted 00:04:09 (3039 turns).

Naow the Cleaver (Minotaur Berserker)               Turns: 3039, Time: 00:04:10

Health: -1/52      AC: 11    Str: 21    XL:     6   Next: 81%
Magic:  5/5        EV:  6    Int:  6    God:    Trog [***...]
Gold:   89         SH:  0    Dex: 10    Spells: 0 memorised, 5 levels left

rFire  . . .     SeeInvis .     a - +0 hand axe
rCold  . . .     Gourm    .     o - +0 plate armour
rNeg   . . .     Faith    .     (no shield)
rPois  .         Spirit   .     (helmet restricted)
rElec  .         Dismiss  .     (no cloak)
rCorr  .         Reflect  .     (no gloves)
MR     ++...     Harm     .     (no boots)
Stlth  ..........               (no amulet)
                                (no ring)
                                (no ring)

@: exhausted, flying, regenerating, slowed, very slow
A: retaliatory headbutt, horns 2
a: Berserk, Trog's Hand, Burn Spellbooks, Renounce Religion


You were on level 4 of the Dungeon.
You worshipped Trog.
Trog was most pleased with you.
You were very hungry.

You visited 1 branch of the dungeon, and saw 4 of its levels.

You collected 89 gold pieces.

Inventory:

Hand Weapons
 a - a +0 hand axe (weapon)
Armour
 b - a +0 animal skin
 o - a +0 plate armour (worn)
Jewellery
 i - an uncursed ring of poison resistance {unknown}
 j - a cursed -2 ring of strength {unknown}
Scrolls
 e - 4 scrolls of identify {unknown}
 g - a scroll of enchant weapon {unknown}
 h - 2 scrolls of enchant armour {unknown}
 n - a scroll of random uselessness {unknown}
Potions
 k - 2 potions of flight
 l - a potion of curing {unknown}
 q - a potion of resistance {unknown}
 r - a potion of brilliance {unknown}
Comestibles
 c - 5 bread rations
 d - a beef jerky
 f - a slice of pizza
 m - 3 fruits
 p - a meat ration


   Skills:
 - Level 3.8 Fighting
 + Level 9.2 Axes
 - Level 2.5 Armour
 - Level 2.2 Dodging


You had 5 spell levels left.
You didn't know any spells.

Dungeon Overview and Level Annotations

Branches:
Dungeon (4/15)
 Temple: D:4-7

Altars:

Annotations:
D:4 Sigmund


Innate Abilities, Weirdness & Mutations

You reflexively headbutt those who attack you in melee.
You have a pair of horns on your head.


Message History

The orc priest is severely wounded.
The orc priest begins to cast a cantrip, but forgets the words!
The orc priest closely misses you.
You hit the orc priest.
You kill the orc priest!
Trog accepts your kill. The ogre hits you with a giant club!
* * * LOW HITPOINT WARNING * * *
The ogre hits you with a giant club.
* * * LOW HITPOINT WARNING * * *
It was a potion of flight.
You feel very buoyant.
You fly up into the air.
The ogre hits you with a giant club!
* * * LOW HITPOINT WARNING * * *
You are too injured to fight recklessly!
You are too injured to fight recklessly!
You barely miss the ogre.
You headbutt the ogre, but do no damage.
The ogre hits you with a giant club!
You die...

.. #.#)....## .#
.........# .. #.#.....
.# .# #o#... .# #.# #
#)#o# .###.####.# #)o#
............####.## ##
.###.. ........O## #.#
...#.# #.....(.@###.#
##.#.####..####...#.#
#....>....####..#.####
##.#.####..............
...#.# #..####..######
#..#.# #.# #..# ...#.#
#.# #..#
..#..####.#####..#
.###.............#


You could see an ogre.

Vanquished Creatures
  The ghost of cortexin the Sneak, an amateur SpAK of Lugonu (D:4)
  2 orc priests (D:4)
  4 orc wizards
  4 gnolls (D:3)
  2 adders
  A shadow imp (D:4)
  A worm (D:4)
  3 dart slugs
  13 orcs
  7 bats
  9 goblins
  6 hobgoblins
  A quokka (D:3)
  A ball python (D:3)
  4 frilled lizards
  9 kobolds
  6 rats
74 creatures vanquished.

Notes
Turn   | Place    | Note
-------+----------+-------------------------------------------
     0 | D:1      | Naow the Minotaur Berserker began the quest for the Orb.
     0 | D:1      | Reached XP level 1. HP: 19/19 MP: 0/0
   117 | D:1      | Reached skill level 4 in Axes
   160 | D:1      | Reached XP level 2. HP: 14/27 MP: 1/1
   938 | D:2      | Reached XP level 3. HP: 29/33 MP: 2/2
   953 | D:2      | Reached skill level 5 in Axes
   973 | D:2      | Reached ** piety under Trog
  1670 | D:3      | Reached XP level 4. HP: 33/40 MP: 3/3
  1677 | D:3      | Reached skill level 6 in Axes
  2221 | D:3      | Reached XP level 5. HP: 45/46 MP: 4/4
  2285 | D:3      | Reached skill level 7 in Axes
  2736 | D:4      | Reached *** piety under Trog
  2814 | D:4      | Noticed cortexin's ghost (amateur SpAK)
  2823 | D:4      | Killed cortexin's ghost
  2823 | D:4      | Reached skill level 8 in Axes
  2823 | D:4      | Reached XP level 6. HP: 52/52 MP: 5/5
  3009 | D:4      | Noticed Sigmund
  3021 | D:4      | Reached skill level 9 in Axes
  3039 | D:4      | Slain by an ogre

Vault maps used:
D:1:      ncdulo_halloftheorcs, st_stairs_5
D:2:      first_bread, corexii_corridor_pit, kennysheep_generic_room_15
D:3:      lemuel_upstairs_altar
D:4:      minmay_goblin_kobold_house, uniq_sigmund

Skill      XL: |  1  2  3  4  5  6 |
---------------+-------------------+-----
Axes           | 4 5 6 8 9 |  9.2
Fighting       | |  3.8
Armour         | |  2.5
Dodging        | |  2.2

Action                   |  1- 3 |  4- 6 || total
-------------------------+-------+-------++-------
Melee: Hand axe          |    83 |    95 ||   178
       Headbutt          |    19 |    18 ||    37
Invok: Berserk           |       |     3 ||     3
       Trog's Hand       |       |     1 ||     1
  Use: Potion            |       |     1 ||     1
  Eat: Chunk             |     2 |     5 ||     7
       Royal jelly       |       |     1 ||     1
Armor: Animal skin       |     9 |     1 ||    10
       Plate armour      |       |    39 ||    39
Dodge: Dodged            |    62 |    41 ||   103
